Construct Section Command Post
Selects Australian Defense Battlegroup
Selects Australian Light Infantry Section
Australian Light Infantry Section
Australian Light Infantry Section
Construct Field Infirmary
Selects Defensive Tactics
Construct Platoon Command Post
Selects CMP 15cwt Supply Run
Selects Reinforced Resource Caches
Selects CMP 15cwt Supply Run
Selects Artillery Trip Wire Flares
Selects Charged Creeping Barrage
Construct Company Command Post
Unlock Towed 17-pounder Anti-tank Guns
Selects Vehicle Over Repair
6-pounder Anti-tank Gun Team
Australian Light Infantry Section